Senateurs vs Blues
Created - February 9, 2021 at 20:30
Goals
|
| Senateurs |
0 |
2 |
1 |
3 |
| Blues |
2 |
2 |
0 |
4 |
|
Shots
|
| Senateurs |
18 |
10 |
9 |
37 |
| Blues |
10 |
7 |
13 |
30 |
|
1st period
1. Blues , David Perron 16 (Tyler Johnson 40, Nicklas Backstrom 41) at 2:00
2. Blues , Sergei Shirokov 11 (Ryan O'Reilly 23, Shayne Gostisbehere 10) at 18:58
Penalties :
Cody Franson (Ott) for Hooking (Minor) at 10:22
2nd period
3. Blues , Drew Shore 15 (Fabian Brunnstrom 19, Carey Price) at 9:16
4. Blues , Yann Sauvé 3 (Vincent Lecavalier 2, Linus Omark 11) at 13:22
5. Senateurs , Derek Boogaard 15 (Cody Franson 17, Sidney Crosby 34) at 15:04
6. Senateurs , Matt Martin 6 (Dion Phaneuf 24, Colby Armstrong 14) at 16:48 (PP)
Penalties :
Sergei Shirokov (STL) for Diving (Minor) at 0:54, Alex Pietrangelo (STL) for Hooking (Minor) at 9:52, Anthony Mantha (STL) for Holding (Minor) at 16:11, Maxim Lapierre (Ott) for Hooking (Minor) at 17:26
3rd period
7. Senateurs , Sergei Kostitsyn 12 (Maxim Lapierre 15, Cody Franson 18) at 6:27
Penalties :
David Perron (STL) for Slashing (Minor) at 6:52
Goalie Stats
Jaroslav Halak (Ott), 13 saves from 17 shots - (0.765), L, 22-17-5, 33:22 minutes
Jonas Hiller (Ott), 13 saves from 13 shots - (1.000), 26:02 minutes
Carey Price (STL), 34 saves from 37 shots - (0.919), W, 22-10-5, 60:00 minutes
Players Stats for Senateurs
Player Name G A P +/- PIM S H SB GA TA FO MP PP MP PK MP
------------------------------------------------------------------------------------
Anthony Bitetto 0 0 0 -1 0 0 0 0 0 0 0/0 3:53 0:00 0:00
Arturs Kulda 0 0 0 0 0 2 1 0 0 0 0/0 14:47 0:00 1:14
Brandon Burlon 0 0 0 0 0 2 0 1 0 0 0/0 11:00 0:00 0:00
Brian McGrattan 0 0 0 0 0 1 3 1 0 0 0/0 7:22 0:00 0:00
Cody Franson 0 2 2 0 2 4 3 1 2 1 0/0 24:19 3:46 1:06
Colby Armstrong 0 1 1 0 0 1 1 0 0 0 0/0 16:24 2:55 0:00
Derek Boogaard 1 0 1 -1 0 8 0 1 0 0 1/4 21:59 3:34 1:56
Dion Phaneuf 0 1 1 -1 0 2 1 2 0 3 0/0 27:59 3:46 2:20
Eric Gelinas 0 0 0 -1 0 0 1 1 0 1 0/0 19:33 2:48 1:38
Marek Svatos 0 0 0 -1 0 4 0 0 3 0 0/1 12:43 0:05 0:00
Matt Martin 1 0 1 0 0 2 3 0 0 0 0/0 17:13 2:55 0:51
Maxim Lapierre 0 1 1 -1 2 3 2 0 0 1 5/10 14:03 0:00 0:00
Nate Prosser 0 0 0 -1 0 0 2 1 0 2 0/0 19:33 2:48 1:38
Nick Bjugstad 0 0 0 0 0 0 0 0 0 0 6/8 16:45 2:55 0:05
Peter Regin 0 0 0 0 0 1 0 0 0 1 4/5 7:57 0:00 1:10
Reilly Smith 0 0 0 -1 0 1 1 0 0 0 1/1 19:53 3:39 0:51
Sergei Kostitsyn 1 0 1 -1 0 1 0 2 0 0 0/1 15:03 0:00 1:05
Sidney Crosby 0 1 1 -1 0 5 2 0 1 0 20/37 25:34 3:39 1:58
Players Stats for Blues
Player Name G A P +/- PIM S H SB GA TA FO MP PP MP PK MP
------------------------------------------------------------------------------------
Alex Pietrangelo 0 0 0 -2 2 3 1 1 0 0 0/0 25:08 2:36 0:00
Anthony Mantha 0 0 0 0 2 0 0 0 0 0 0/0 9:23 0:00 0:00
Brandon Yip 0 0 0 1 0 1 2 0 0 1 0/0 9:06 0:00 0:00
Cody Ceci 0 0 0 3 0 0 1 1 0 1 0/0 17:26 0:00 4:03
David Perron 1 0 1 1 2 3 3 0 1 0 2/5 20:44 1:48 1:09
Drew Shore 1 0 1 0 0 4 1 2 0 1 8/13 14:16 0:00 3:37
Fabian Brunnstrom 0 1 1 0 0 0 0 0 0 0 0/0 10:38 0:00 0:59
Filip Forsberg 0 0 0 0 0 4 1 0 1 1 0/0 17:58 2:10 1:41
Jake Gardiner 0 0 0 1 0 0 1 0 0 1 0/0 22:00 2:36 2:31
Linus Omark 0 1 1 1 0 1 0 0 1 0 0/0 7:49 0:00 0:00
Nicklas Backstrom 0 1 1 1 0 1 4 0 1 1 13/28 18:27 2:10 0:00
Ryan Murray 0 0 0 -2 0 2 0 1 0 0 0/0 25:48 1:22 2:43
Ryan O'Reilly 0 1 1 0 0 2 0 2 1 0 3/14 18:30 1:48 2:05
Sergei Shirokov 1 0 1 0 2 2 4 0 1 0 0/0 16:19 1:48 0:00
Shayne Gostisbehere 0 1 1 3 0 1 3 0 0 0 0/0 16:15 1:22 1:02
Tyler Johnson 0 1 1 1 0 3 2 0 1 0 0/3 23:24 2:10 3:37
Vincent Lecavalier 0 1 1 1 0 2 1 1 1 0 4/4 7:55 0:00 0:00
Yann Sauvé 1 0 1 1 0 1 0 2 1 0 0/0 12:16 0:00 2:49
3 Stars
1 - Shayne Gostisbehere (STL)
2 - Yann Sauvé (STL)
3 - Nicklas Backstrom (STL)
Power Play
Senateurs - 1 on 4 Attempt(s) - 25.00%
Blues - 0 on 2 Attempt(s) - 0.00%
Penalty Kill
Senateurs - 2 on 2 Attempt(s) - 100.00%
- Score 0 goal in Penalty Kill
Blues - 3 on 4 Attempt(s) - 75.00%
- Score 0 goal in Penalty Kill
Team Stat
Senateurs - Hits : 20 - Faceoff Wins : 37 - Blocked Shots : 10 - Penalty Minutes : 4
Blues - Hits : 24 - Faceoff Wins : 30 - Blocked Shots : 10 - Penalty Minutes : 8
Official
Referees : Unknown
Linesman : Unknown
Game Notes
Jonas Hiller enters game at 13:22 of 2nd period
Yann Sauvé is injured at 3:10 of 3rd period (Back)
Finance
Level 1 -- Attendance: 4585 (76.42%) -- Ticket Income $527,275
Level 2 -- Attendance: 3475 (69.50%) -- Ticket Income $260,625
Level 3 -- Attendance: 1473 (73.65%) -- Ticket Income $73,650
Level 4 -- Attendance: 3177 (79.43%) -- Ticket Income $111,195
Luxury Box -- Attendance: 771 (77.10%) -- Ticket Income $173,475
Game was played at the Scotttrade center.
Total Attendance: 13481 (74.89%)
Total Ticket Income: $1,146,220
Other Income: $171,933
Total Income: $1,318,153
Senateurs
5 vs 5 Forward
Center Left Wing Right Wing Time % Phy DF OF
1 Sidney Crosby Derek Boogaard Reilly Smith 40 1 2 2
2 Nick Bjugstad Matt Martin Colby Armstrong 30 1 2 2
3 Maxim Lapierre Sergei Kostitsyn Marek Svatos 20 1 2 2
4 Peter Regin Sidney Crosby Brian McGrattan 10 1 2 2
5 vs 5 Defense
Defense Defense Time % Phy DF OF
1 Dion Phaneuf Cody Franson 40 1 2 2
2 Eric Gelinas Nate Prosser 30 1 2 2
3 Brandon Burlon Arturs Kulda 20 1 2 2
4 Anthony Bitetto Dion Phaneuf 10 1 2 2
PowerPlay Forward
Center Left Wing Right Wing Time % Phy DF OF
1 Sidney Crosby Derek Boogaard Reilly Smith 60 1 2 2
2 Nick Bjugstad Matt Martin Colby Armstrong 40 1 2 2
PowerPlay Defense
Defense Defense Time % Phy DF OF
1 Dion Phaneuf Cody Franson 60 1 2 2
2 Eric Gelinas Nate Prosser 40 1 2 2
Penalty Kill 4 Players Forward
Center Wing Time % Phy DF OF
1 Sidney Crosby Derek Boogaard 60 1 2 2
2 Matt Martin Reilly Smith 40 1 2 2
Penalty Kill 4 Players Defense
Defense Defense Time % Phy DF OF
1 Dion Phaneuf Cody Franson 60 1 2 2
2 Eric Gelinas Nate Prosser 40 1 2 2
Penalty Kill - 3 Players Forward
Forward Time % Phy DF OF
1 Sidney Crosby 60 1 2 2
2 Derek Boogaard 40 1 2 2
Penalty Kill - 3 Players Defense
Defense Defense Time % Phy DF OF
1 Dion Phaneuf Cody Franson 60 1 2 2
2 Eric Gelinas Nate Prosser 40 1 2 2
4 vs 4 Forward
Center Wing Time % Phy DF OF
1 Sidney Crosby Derek Boogaard 60 1 2 2
2 Matt Martin Reilly Smith 40 1 2 2
4 vs 4 Defense
Defense Defense Time % Phy DF OF
1 Dion Phaneuf Cody Franson 60 1 2 2
2 Eric Gelinas Nate Prosser 40 1 2 2
Last Minutes Offensive
Center Left Wing Right Wing Defense Defense
Sidney Crosby Derek Boogaard Reilly Smith Dion Phaneuf Cody Franson
Last Minutes Defensive
Center Left Wing Right Wing Defense Defense
Sidney Crosby Derek Boogaard Reilly Smith Dion Phaneuf Cody Franson
Goaltenders
Starting : Jaroslav Halak
Backup : Jonas Hiller
Extra Forwards
Normal : Marek Svatos, Maxim Lapierre, Peter Regin - PP : Marek Svatos, Maxim Lapierre - PK : Peter Regin
Extra Defensemen
Normal : Brandon Burlon, Arturs Kulda, Anthony Bitetto - PP : Brandon Burlon - PK : Arturs Kulda, Anthony Bitetto
Penalty Shots
Sidney Crosby, Derek Boogaard, Matt Martin, Reilly Smith, Colby Armstrong
Scratches
Matt Moulson (Healthy)
Blues
5 vs 5 Forward
Center Left Wing Right Wing Time % Phy DF OF
1 Nicklas Backstrom David Perron Tyler Johnson 40 1 2 2
2 Ryan O'Reilly Filip Forsberg Sergei Shirokov 30 1 2 2
3 Drew Shore Fabian Brunnstrom Anthony Mantha 20 1 2 2
4 Vincent Lecavalier Linus Omark Brandon Yip 10 1 2 2
5 vs 5 Defense
Defense Defense Time % Phy DF OF
1 Alex Pietrangelo Ryan Murray 40 1 2 2
2 Yann Sauvé Jake Gardiner 30 1 2 2
3 Cody Ceci Shayne Gostisbehere 20 1 2 2
4 Alex Pietrangelo Jake Gardiner 10 1 2 2
PowerPlay Forward
Center Left Wing Right Wing Time % Phy DF OF
1 Nicklas Backstrom Filip Forsberg Tyler Johnson 60 1 1 3
2 Ryan O'Reilly David Perron Sergei Shirokov 40 1 1 3
PowerPlay Defense
Defense Defense Time % Phy DF OF
1 Alex Pietrangelo Jake Gardiner 60 1 2 2
2 Shayne Gostisbehere Ryan Murray 40 1 2 2
Penalty Kill 4 Players Forward
Center Wing Time % Phy DF OF
1 Drew Shore Tyler Johnson 60 1 3 1
2 Ryan O'Reilly David Perron 40 1 3 1
Penalty Kill 4 Players Defense
Defense Defense Time % Phy DF OF
1 Yann Sauvé Cody Ceci 60 2 3 0
2 Ryan Murray Jake Gardiner 40 2 3 0
Penalty Kill - 3 Players Forward
Forward Time % Phy DF OF
1 Nicklas Backstrom 60 1 2 2
2 Tyler Johnson 40 1 2 2
Penalty Kill - 3 Players Defense
Defense Defense Time % Phy DF OF
1 Alex Pietrangelo Cody Ceci 60 1 2 2
2 Ryan Murray Yann Sauvé 40 1 2 2
4 vs 4 Forward
Center Wing Time % Phy DF OF
1 Nicklas Backstrom Tyler Johnson 60 1 2 2
2 Ryan O'Reilly David Perron 40 1 2 2
4 vs 4 Defense
Defense Defense Time % Phy DF OF
1 Alex Pietrangelo Cody Ceci 60 1 2 2
2 Jake Gardiner Yann Sauvé 40 1 2 2
Last Minutes Offensive
Center Left Wing Right Wing Defense Defense
Nicklas Backstrom David Perron Tyler Johnson Alex Pietrangelo Jake Gardiner
Last Minutes Defensive
Center Left Wing Right Wing Defense Defense
Drew Shore David Perron Tyler Johnson Yann Sauvé Cody Ceci
Goaltenders
Starting : Carey Price
Backup : Pascal Leclaire
Extra Forwards
Normal : Sergei Shirokov, Vincent Lecavalier, Ryan O'Reilly - PP : Linus Omark, Nicklas Backstrom - PK : Filip Forsberg
Extra Defensemen
Normal : Shayne Gostisbehere, Cody Ceci, Jake Gardiner - PP : Shayne Gostisbehere - PK : Shayne Gostisbehere, Jake Gardiner
Penalty Shots
David Perron, Vincent Lecavalier, Filip Forsberg, Tyler Johnson, Nicklas Backstrom
Scratches
Simon Gagné (Healthy)
% Time on Ice - Senateurs
Lines # - Real PCT - Wanted PCT - Time Play
Normal Forward
1 - 34% - 40% - 16:34
2 - 29% - 30% - 14:14
3 - 24% - 20% - 11:45
4 - 12% - 10% - 5:43
Normal Defense
1 - 38% - 40% - 18:29
2 - 31% - 30% - 15:07
3 - 23% - 20% - 11:00
4 - 8% - 10% - 3:40
PP Forward
1 - 56% - 60% - 3:39
2 - 44% - 40% - 2:55
PP Defense
1 - 57% - 60% - 3:46
2 - 43% - 40% - 2:48
PK Forward
1 - 79% - 60% - 3:07
2 - 21% - 40% - 0:51
PK Defense
1 - 59% - 60% - 2:20
2 - 41% - 40% - 1:38
PK3 Forward
1 - 0% - 60%
2 - 0% - 40%
PK3 Defense
1 - 0% - 60%
2 - 0% - 40%
44 Forward
1 - 0% - 60%
2 - 0% - 40%
44 Defense
1 - 0% - 60%
2 - 0% - 40%
Last Minute Offensive - 1:12
Last Minute Defensive - 0:00
Total
Forward - 60:00
Defense - 60:00
|
% Time on Ice - Blues
Lines # - Real PCT - Wanted PCT - Time Play
Normal Forward
1 - 34% - 40% - 16:35
2 - 30% - 30% - 14:29
3 - 19% - 20% - 9:24
4 - 16% - 10% - 7:49
Normal Defense
1 - 41% - 40% - 19:43
2 - 34% - 30% - 16:19
3 - 18% - 20% - 8:34
4 - 8% - 10% - 3:41
PP Forward
1 - 55% - 60% - 2:10
2 - 45% - 40% - 1:48
PP Defense
1 - 66% - 60% - 2:36
2 - 34% - 40% - 1:22
PK Forward
1 - 75% - 60% - 4:54
2 - 25% - 40% - 1:40
PK Defense
1 - 62% - 60% - 4:03
2 - 38% - 40% - 2:31
PK3 Forward
1 - 0% - 60%
2 - 0% - 40%
PK3 Defense
1 - 0% - 60%
2 - 0% - 40%
44 Forward
1 - 0% - 60%
2 - 0% - 40%
44 Defense
1 - 0% - 60%
2 - 0% - 40%
Last Minute Offensive - 0:00
Last Minute Defensive - 1:11
Total
Forward - 60:00
Defense - 60:00
|
Play-by-Play
1st period
0:01 of 1st period - Sidney Crosby wins face-off versus Nicklas Backstrom in neutral zone.
1:07 of 1st period - Off-side.
1:08 of 1st period - Vincent Lecavalier wins face-off versus Peter Regin in neutral zone.
1:10 of 1st period - Off-side.
1:11 of 1st period - Vincent Lecavalier wins face-off versus Sidney Crosby in neutral zone.
1:25 of 1st period - Off-side.
1:26 of 1st period - Nick Bjugstad wins face-off versus Tyler Johnson in neutral zone.
2:00 of 1st period - Slapshot by David Perron.
2:00 of 1st period - Goal by David Perron - Senateurs : 0 - Blues : 1.
2:01 of 1st period - Sidney Crosby wins face-off versus Ryan O'Reilly in neutral zone.
2:04 of 1st period - Slapshot by Dion Phaneuf.
2:04 of 1st period - Shot Blocked by Ryan O'Reilly.
2:28 of 1st period - Drew Shore is hit by Matt Martin.
2:58 of 1st period - Snap shot by Marek Svatos.
2:58 of 1st period - Stopped by Carey Price without a rebound.
2:59 of 1st period - Sidney Crosby wins face-off versus Ryan O'Reilly in Blues zone.
3:10 of 1st period - Snap shot by Derek Boogaard.
3:10 of 1st period - Stopped by Carey Price with a rebound.
3:12 of 1st period - Wrist shot by Sidney Crosby.
3:12 of 1st period - Shot Misses the Net.
3:14 of 1st period - Backhand shot by Arturs Kulda.
3:14 of 1st period - Shot Misses the Net.
3:33 of 1st period - Wrist shot by Matt Martin.
3:33 of 1st period - Stopped by Carey Price with a rebound.
3:54 of 1st period - Icing by Ryan Murray.
3:55 of 1st period - Drew Shore wins face-off versus Sidney Crosby in Blues zone.
4:33 of 1st period - Off-side.
4:34 of 1st period - Peter Regin wins face-off versus David Perron in neutral zone.
5:01 of 1st period - Dion Phaneuf is hit by Sergei Shirokov and loses puck.
5:22 of 1st period - Wrist shot by Colby Armstrong.
5:22 of 1st period - Shot Misses the Net.
5:24 of 1st period - Slapshot by Arturs Kulda.
5:24 of 1st period - Stopped by Carey Price with a rebound.
5:39 of 1st period - Icing by Vincent Lecavalier.
5:40 of 1st period - Sidney Crosby wins face-off versus Drew Shore in Blues zone.
5:47 of 1st period - Slapshot by Derek Boogaard.
5:47 of 1st period - Stopped by Carey Price without a rebound.
5:48 of 1st period - Sidney Crosby wins face-off versus David Perron in Blues zone.
5:49 of 1st period - Wrist shot by Derek Boogaard.
5:49 of 1st period - Stopped by Carey Price without a rebound.
5:50 of 1st period - Sidney Crosby wins face-off versus Nicklas Backstrom in Blues zone.
5:59 of 1st period - Snap shot by Derek Boogaard.
5:59 of 1st period - Shot Misses the Net.
7:25 of 1st period - Slapshot by Alex Pietrangelo.
7:25 of 1st period - Stopped by Jaroslav Halak without a rebound.
7:26 of 1st period - Nicklas Backstrom wins face-off versus Maxim Lapierre in Senateurs zone.
8:14 of 1st period - Snap shot by Linus Omark.
8:14 of 1st period - Stopped by Jaroslav Halak without a rebound.
8:15 of 1st period - Vincent Lecavalier wins face-off versus Derek Boogaard in Senateurs zone.
8:18 of 1st period - Snap shot by Vincent Lecavalier.
8:18 of 1st period - Stopped by Jaroslav Halak without a rebound.
8:19 of 1st period - Nicklas Backstrom wins face-off versus Sidney Crosby in Senateurs zone.
8:24 of 1st period - Snap shot by Nicklas Backstrom.
8:24 of 1st period - Shot Misses the Net.
8:52 of 1st period - Wrist shot by Nick Bjugstad.
8:52 of 1st period - Shot Misses the Net.
8:54 of 1st period - Slapshot by Cody Franson.
8:54 of 1st period - Shot Blocked by Ryan Murray.
8:56 of 1st period - Slapshot by Cody Franson.
8:56 of 1st period - Shot Blocked by Alex Pietrangelo.
9:06 of 1st period - Snap shot by Maxim Lapierre.
9:06 of 1st period - Stopped by Carey Price with a rebound.
9:08 of 1st period - Slapshot by Maxim Lapierre.
9:08 of 1st period - Stopped by Carey Price without a rebound.
9:09 of 1st period - Maxim Lapierre wins face-off versus Drew Shore in Blues zone.
9:54 of 1st period - Snap shot by Marek Svatos.
9:54 of 1st period - Stopped by Carey Price with a rebound.
9:56 of 1st period - Slapshot by Arturs Kulda.
9:56 of 1st period - Shot Misses the Net.
9:58 of 1st period - Slapshot by Brandon Burlon.
9:58 of 1st period - Stopped by Carey Price without a rebound.
9:59 of 1st period - Nicklas Backstrom wins face-off versus Sidney Crosby in Blues zone.
9:59 of 1st period - Nicklas Backstrom is hit by Cody Franson.
10:22 of 1st period - Minor Penalty to Cody Franson for Hooking.
10:23 of 1st period - Sidney Crosby wins face-off versus Nicklas Backstrom in Senateurs zone.
11:33 of 1st period - Icing by Ryan O'Reilly.
11:34 of 1st period - Ryan O'Reilly wins face-off versus Sergei Kostitsyn in Blues zone.
12:22 of 1st period - Penalty to Cody Franson is over, Cody Franson is back on ice.
12:23 of 1st period - Icing by Matt Martin.
12:24 of 1st period - Sidney Crosby wins face-off versus Ryan O'Reilly in Senateurs zone.
12:46 of 1st period - Wrist shot by Ryan Murray.
12:46 of 1st period - Stopped by Jaroslav Halak with a rebound.
12:56 of 1st period - Backhand shot by Sidney Crosby.
12:56 of 1st period - Stopped by Carey Price with a rebound.
12:58 of 1st period - Snap shot by Derek Boogaard.
12:58 of 1st period - Shot Misses the Net.
13:00 of 1st period - Snap shot by Derek Boogaard.
13:00 of 1st period - Shot Misses the Net.
13:02 of 1st period - Snap shot by Arturs Kulda.
13:02 of 1st period - Shot Misses the Net.
13:22 of 1st period - Wrist shot by Derek Boogaard.
13:22 of 1st period - Stopped by Carey Price with a rebound.
13:24 of 1st period - Snap shot by Derek Boogaard.
13:24 of 1st period - Stopped by Carey Price with a rebound.
13:26 of 1st period - Slapshot by Cody Franson.
13:26 of 1st period - Stopped by Carey Price without a rebound.
13:27 of 1st period - Nicklas Backstrom wins face-off versus Nick Bjugstad in Blues zone.
13:27 of 1st period - Nicklas Backstrom is hit by Nate Prosser.
13:57 of 1st period - Slapshot by Eric Gelinas.
13:57 of 1st period - Shot Misses the Net.
14:15 of 1st period - Jake Gardiner is hit by Brian McGrattan and loses puck.
14:25 of 1st period - Off-side.
14:26 of 1st period - Nick Bjugstad wins face-off versus Nicklas Backstrom in neutral zone.
14:41 of 1st period - David Perron is hit by Arturs Kulda and loses puck.
14:48 of 1st period - Nicklas Backstrom is hit by Matt Martin and loses puck.
14:55 of 1st period - Shayne Gostisbehere is hit by Colby Armstrong and loses puck.
15:02 of 1st period - Snap shot by David Perron.
15:02 of 1st period - Shot Hit the Post.
15:06 of 1st period - Wrist shot by Tyler Johnson.
15:06 of 1st period - Stopped by Jaroslav Halak with a rebound.
15:08 of 1st period - Snap shot by Tyler Johnson.
15:08 of 1st period - Shot Misses the Net.
15:10 of 1st period - Wrist shot by Nicklas Backstrom.
15:10 of 1st period - Shot Misses the Net.
15:36 of 1st period - Colby Armstrong is hit by Tyler Johnson and loses puck.
15:49 of 1st period - Snap shot by Nicklas Backstrom.
15:49 of 1st period - Stopped by Jaroslav Halak with a rebound.
16:15 of 1st period - Wrist shot by Tyler Johnson.
16:15 of 1st period - Stopped by Jaroslav Halak without a rebound.
16:16 of 1st period - Ryan O'Reilly wins face-off versus Sidney Crosby in Senateurs zone.
17:08 of 1st period - Snap shot by Derek Boogaard.
17:08 of 1st period - Stopped by Carey Price with a rebound.
17:10 of 1st period - Snap shot by Dion Phaneuf.
17:10 of 1st period - Shot Blocked by Vincent Lecavalier.
17:38 of 1st period - Drew Shore is hit by Sidney Crosby and loses puck.
17:57 of 1st period - Nate Prosser is hit by Vincent Lecavalier and loses puck.
18:36 of 1st period - Snap shot by Filip Forsberg.
18:36 of 1st period - Stopped by Jaroslav Halak without a rebound.
18:37 of 1st period - Drew Shore wins face-off versus Maxim Lapierre in Senateurs zone.
18:58 of 1st period - Slapshot by Sergei Shirokov.
18:58 of 1st period - Goal by Sergei Shirokov - Senateurs : 0 - Blues : 2.
18:59 of 1st period - Sidney Crosby wins face-off versus Nicklas Backstrom in neutral zone.
19:54 of 1st period - Slapshot by Peter Regin.
19:54 of 1st period - Stopped by Carey Price without a rebound.
19:55 of 1st period - Peter Regin wins face-off versus Nicklas Backstrom in Blues zone.
19:56 of 1st period - Snap shot by Sidney Crosby.
19:56 of 1st period - Stopped by Carey Price without a rebound.
19:57 of 1st period - Peter Regin wins face-off versus Nicklas Backstrom in Blues zone.
19:58 of 1st period - Snap shot by Sidney Crosby.
19:58 of 1st period - Stopped by Carey Price without a rebound.
19:59 of 1st period - Nicklas Backstrom wins face-off versus Sidney Crosby in Blues zone.
Goals for this period are 0 for Senateurs vs 2 for Blues.
Shots for this period are 18 for Senateurs vs 10 for Blues.
2nd period
0:01 of 2nd period - Nicklas Backstrom wins face-off versus Sidney Crosby in neutral zone.
0:54 of 2nd period - Minor Penalty to Sergei Shirokov for Diving.
0:55 of 2nd period - Drew Shore wins face-off versus Derek Boogaard in Blues zone.
1:05 of 2nd period - Snap shot by Cody Franson.
1:05 of 2nd period - Stopped by Carey Price with a rebound.
1:07 of 2nd period - Snap shot by Reilly Smith.
1:07 of 2nd period - Shot Misses the Net.
2:08 of 2nd period - David Perron is hit by Matt Martin and loses puck.
2:54 of 2nd period - Penalty to Sergei Shirokov is over, Sergei Shirokov is back on ice.
2:57 of 2nd period - Ryan Murray is hit by Sidney Crosby and loses puck.
3:12 of 2nd period - Vincent Lecavalier is hit by Maxim Lapierre.
3:30 of 2nd period - Sergei Kostitsyn is hit by David Perron.
3:34 of 2nd period - Eric Gelinas is hit by Nicklas Backstrom and loses puck.
5:17 of 2nd period - Jake Gardiner is hit by Maxim Lapierre and loses puck.
5:28 of 2nd period - Yann Sauvé is hit by Brian McGrattan and loses puck.
5:35 of 2nd period - Brian McGrattan is hit by Sergei Shirokov.
5:46 of 2nd period - Sergei Shirokov is hit by Brian McGrattan and loses puck.
6:09 of 2nd period - Cody Franson is hit by Cody Ceci.
6:33 of 2nd period - Snap shot by Ryan O'Reilly.
6:33 of 2nd period - Shot Misses the Net.
6:35 of 2nd period - Slapshot by Ryan Murray.
6:35 of 2nd period - Shot Blocked by Brian McGrattan.
6:37 of 2nd period - Slapshot by Ryan Murray.
6:37 of 2nd period - Stopped by Jaroslav Halak with a rebound.
6:39 of 2nd period - Snap shot by Sergei Shirokov.
6:39 of 2nd period - Stopped by Jaroslav Halak without a rebound.
6:40 of 2nd period - Nick Bjugstad wins face-off versus David Perron in Senateurs zone.
6:47 of 2nd period - Slapshot by Colby Armstrong.
6:47 of 2nd period - Stopped by Carey Price with a rebound.
6:55 of 2nd period - Nick Bjugstad is hit by Jake Gardiner and loses puck.
7:11 of 2nd period - Snap shot by Drew Shore.
7:11 of 2nd period - Stopped by Jaroslav Halak with a rebound.
7:27 of 2nd period - Snap shot by Brandon Yip.
7:27 of 2nd period - Shot Misses the Net.
7:33 of 2nd period - Wrist shot by Linus Omark.
7:33 of 2nd period - Shot Misses the Net.
7:35 of 2nd period - Slapshot by Ryan Murray.
7:35 of 2nd period - Shot Blocked by Sergei Kostitsyn.
8:06 of 2nd period - Alex Pietrangelo is hit by Eric Gelinas and loses puck.
8:27 of 2nd period - Snap shot by Alex Pietrangelo.
8:27 of 2nd period - Deflect By Vincent Lecavalier.
8:27 of 2nd period - Shot Misses the Net.
8:27 of 2nd period - Puck is out of play.
8:28 of 2nd period - Derek Boogaard wins face-off versus Nicklas Backstrom in Senateurs zone.
8:55 of 2nd period - Fabian Brunnstrom is hit by Dion Phaneuf and loses puck.
9:16 of 2nd period - Wrist shot by Drew Shore.
9:16 of 2nd period - Goal by Drew Shore - Senateurs : 0 - Blues : 3.
9:17 of 2nd period - Reilly Smith wins face-off versus Nicklas Backstrom in neutral zone.
9:17 of 2nd period - Reilly Smith is hit by David Perron.
9:27 of 2nd period - Wrist shot by Sidney Crosby.
9:27 of 2nd period - Shot Misses the Net.
9:29 of 2nd period - Slapshot by Cody Franson.
9:29 of 2nd period - Deflect By Derek Boogaard.
9:29 of 2nd period - Stopped by Carey Price without a rebound.
9:30 of 2nd period - Nicklas Backstrom wins face-off versus Sidney Crosby in Blues zone.
9:37 of 2nd period - Cody Franson is hit by David Perron and loses puck.
9:52 of 2nd period - Minor Penalty to Alex Pietrangelo for Hooking.
9:53 of 2nd period - Drew Shore wins face-off versus Sidney Crosby in Blues zone.
10:38 of 2nd period - Ryan Murray is hit by Nate Prosser.
11:52 of 2nd period - Penalty to Alex Pietrangelo is over, Alex Pietrangelo is back on ice.
11:52 of 2nd period - Icing by Jake Gardiner.
11:53 of 2nd period - Sidney Crosby wins face-off versus Ryan O'Reilly in Blues zone.
12:07 of 2nd period - Off-side.
12:08 of 2nd period - Maxim Lapierre wins face-off versus Ryan O'Reilly in neutral zone.
12:44 of 2nd period - Nick Bjugstad is hit by Nicklas Backstrom and loses puck.
12:59 of 2nd period - Snap shot by Brandon Yip.
12:59 of 2nd period - Stopped by Jaroslav Halak without a rebound.
13:00 of 2nd period - Vincent Lecavalier wins face-off versus Sidney Crosby in Senateurs zone.
13:03 of 2nd period - Slapshot by Vincent Lecavalier.
13:03 of 2nd period - Shot Misses the Net.
13:05 of 2nd period - Slapshot by Vincent Lecavalier.
13:05 of 2nd period - Shot Blocked by Dion Phaneuf.
13:13 of 2nd period - Sidney Crosby is hit by Brandon Yip and loses puck.
13:20 of 2nd period - Wrist shot by Vincent Lecavalier.
13:20 of 2nd period - Stopped by Jaroslav Halak with a rebound.
13:22 of 2nd period - Slapshot by Yann Sauvé.
13:22 of 2nd period - Deflect By Derek Boogaard.
13:22 of 2nd period - Goal by Yann Sauvé - Senateurs : 0 - Blues : 4.
13:22 of 2nd period - Jonas Hiller enters game.
13:23 of 2nd period - David Perron wins face-off versus Sidney Crosby in neutral zone.
13:48 of 2nd period - Cody Franson is hit by Filip Forsberg and loses puck.
14:13 of 2nd period - Wrist shot by Sidney Crosby.
14:13 of 2nd period - Stopped by Carey Price with a rebound.
14:15 of 2nd period - Wrist shot by Brian McGrattan.
14:15 of 2nd period - Shot Misses the Net.
14:17 of 2nd period - Slapshot by Sidney Crosby.
14:17 of 2nd period - Stopped by Carey Price without a rebound.
14:18 of 2nd period - Nick Bjugstad wins face-off versus Nicklas Backstrom in Blues zone.
14:55 of 2nd period - Icing by Derek Boogaard.
14:56 of 2nd period - Sidney Crosby wins face-off versus Ryan O'Reilly in Senateurs zone.
15:00 of 2nd period - Off-side.
15:01 of 2nd period - Sidney Crosby wins face-off versus Ryan O'Reilly in neutral zone.
15:04 of 2nd period - Slapshot by Cody Franson.
15:04 of 2nd period - Deflect By Derek Boogaard.
15:04 of 2nd period - Goal by Derek Boogaard - Senateurs : 1 - Blues : 4.
15:05 of 2nd period - Nicklas Backstrom wins face-off versus Derek Boogaard in neutral zone.
15:36 of 2nd period - Snap shot by Marek Svatos.
15:36 of 2nd period - Stopped by Carey Price without a rebound.
15:37 of 2nd period - Maxim Lapierre wins face-off versus Ryan O'Reilly in Blues zone.
15:40 of 2nd period - Wrist shot by Maxim Lapierre.
15:40 of 2nd period - Shot Misses the Net.
16:11 of 2nd period - Minor Penalty to Anthony Mantha for Holding.
16:12 of 2nd period - Drew Shore wins face-off versus Sidney Crosby in Blues zone.
16:22 of 2nd period - Slapshot by Dion Phaneuf.
16:22 of 2nd period - Stopped by Carey Price without a rebound.
16:23 of 2nd period - Sidney Crosby wins face-off versus Drew Shore in Blues zone.
16:26 of 2nd period - Slapshot by Derek Boogaard.
16:26 of 2nd period - Shot Misses the Net.
16:46 of 2nd period - Slapshot by Dion Phaneuf.
16:46 of 2nd period - Shot Blocked by Drew Shore.
16:48 of 2nd period - Snap shot by Matt Martin.
16:48 of 2nd period - Goal by Matt Martin - Senateurs : 2 - Blues : 4.
16:49 of 2nd period - Sidney Crosby wins face-off versus Nicklas Backstrom in neutral zone.
16:52 of 2nd period - Snap shot by Sidney Crosby.
16:52 of 2nd period - Shot Misses the Net.
16:54 of 2nd period - Slapshot by Dion Phaneuf.
16:54 of 2nd period - Stopped by Carey Price without a rebound.
16:55 of 2nd period - Sidney Crosby wins face-off versus Nicklas Backstrom in Blues zone.
17:19 of 2nd period - Off-side.
17:20 of 2nd period - Ryan O'Reilly wins face-off versus Marek Svatos in neutral zone.
17:26 of 2nd period - Minor Penalty to Maxim Lapierre for Hooking.
17:27 of 2nd period - Nicklas Backstrom wins face-off versus Sidney Crosby in Senateurs zone.
19:26 of 2nd period - Penalty to Maxim Lapierre is over, Maxim Lapierre is back on ice.
19:55 of 2nd period - Snap shot by Vincent Lecavalier.
19:55 of 2nd period - Shot Misses the Net.
19:57 of 2nd period - Wrist shot by Vincent Lecavalier.
19:57 of 2nd period - Shot Blocked by Brandon Burlon.
19:59 of 2nd period - Slapshot by Ryan Murray.
19:59 of 2nd period - Shot Misses the Net.
Goals for this period are 2 for Senateurs vs 2 for Blues.
Shots for this period are 10 for Senateurs vs 7 for Blues.
3rd period
0:01 of 3rd period - Sidney Crosby wins face-off versus Tyler Johnson in neutral zone.
1:02 of 3rd period - Slapshot by Sergei Kostitsyn.
1:02 of 3rd period - Shot Blocked by Cody Ceci.
1:04 of 3rd period - Snap shot by Sergei Kostitsyn.
1:04 of 3rd period - Shot Blocked by Drew Shore.
1:18 of 3rd period - Slapshot by Peter Regin.
1:18 of 3rd period - Shot Misses the Net.
1:20 of 3rd period - Wrist shot by Brian McGrattan.
1:20 of 3rd period - Stopped by Carey Price with a rebound.
1:22 of 3rd period - Slapshot by Arturs Kulda.
1:22 of 3rd period - Stopped by Carey Price with a rebound.
1:34 of 3rd period - Reilly Smith is hit by Nicklas Backstrom and loses puck.
1:55 of 3rd period - Slapshot by Sidney Crosby.
1:55 of 3rd period - Shot Misses the Net.
1:57 of 3rd period - Slapshot by Arturs Kulda.
1:57 of 3rd period - Shot Blocked by Yann Sauvé.
1:59 of 3rd period - Snap shot by Matt Martin.
1:59 of 3rd period - Shot Hit the Post.
2:46 of 3rd period - Snap shot by David Perron.
2:46 of 3rd period - Shot Blocked by Cody Franson.
3:00 of 3rd period - Wrist shot by Ryan O'Reilly.
3:00 of 3rd period - Deflect By Filip Forsberg.
3:00 of 3rd period - Stopped by Jonas Hiller without a rebound.
3:01 of 3rd period - Maxim Lapierre wins face-off versus Ryan O'Reilly in Senateurs zone.
3:06 of 3rd period - Slapshot by Eric Gelinas.
3:06 of 3rd period - Shot Misses the Net.
3:08 of 3rd period - Wrist shot by Sergei Kostitsyn.
3:08 of 3rd period - Deflect By Marek Svatos.
3:08 of 3rd period - Stopped by Carey Price with a rebound.
3:10 of 3rd period - Wrist shot by Maxim Lapierre.
3:10 of 3rd period - Shot Blocked by Yann Sauvé.
3:10 of 3rd period - Yann Sauvé from Blues is injured at 3:10 of 3rd period (Back).
3:11 of 3rd period - Nicklas Backstrom wins face-off versus Sidney Crosby in Blues zone.
4:24 of 3rd period - Sergei Kostitsyn is hit by Shayne Gostisbehere and loses puck.
4:54 of 3rd period - Snap shot by Reilly Smith.
4:54 of 3rd period - Stopped by Carey Price with a rebound.
5:32 of 3rd period - Snap shot by Maxim Lapierre.
5:32 of 3rd period - Stopped by Carey Price without a rebound.
5:33 of 3rd period - Nicklas Backstrom wins face-off versus Maxim Lapierre in Blues zone.
5:35 of 3rd period - Icing by Alex Pietrangelo.
5:36 of 3rd period - Sidney Crosby wins face-off versus Tyler Johnson in Blues zone.
5:48 of 3rd period - Slapshot by Brandon Burlon.
5:48 of 3rd period - Deflect By Alex Pietrangelo.
5:48 of 3rd period - Stopped by Carey Price without a rebound.
5:49 of 3rd period - Nicklas Backstrom wins face-off versus Sidney Crosby in Blues zone.
6:27 of 3rd period - Wrist shot by Sergei Kostitsyn.
6:27 of 3rd period - Goal by Sergei Kostitsyn - Senateurs : 3 - Blues : 4.
6:28 of 3rd period - Sidney Crosby wins face-off versus Nicklas Backstrom in neutral zone.
6:52 of 3rd period - Minor Penalty to David Perron for Slashing.
6:53 of 3rd period - Drew Shore wins face-off versus Sidney Crosby in Blues zone.
6:58 of 3rd period - Snap shot by Drew Shore.
6:58 of 3rd period - Stopped by Jonas Hiller with a rebound.
7:24 of 3rd period - Nate Prosser is hit by Drew Shore and loses puck.
8:52 of 3rd period - Penalty to David Perron is over, David Perron is back on ice.
9:01 of 3rd period - Sergei Kostitsyn is hit by Shayne Gostisbehere and loses puck.
9:08 of 3rd period - Vincent Lecavalier is hit by Cody Franson and loses puck.
9:28 of 3rd period - Icing by Brian McGrattan.
9:29 of 3rd period - Peter Regin wins face-off versus Ryan O'Reilly in Senateurs zone.
10:27 of 3rd period - Icing by Ryan Murray.
10:28 of 3rd period - Sidney Crosby wins face-off versus Ryan O'Reilly in Blues zone.
10:29 of 3rd period - Wrist shot by Derek Boogaard.
10:29 of 3rd period - Shot Blocked by Ryan O'Reilly.
10:35 of 3rd period - Slapshot by Shayne Gostisbehere.
10:35 of 3rd period - Shot Blocked by Eric Gelinas.
11:11 of 3rd period - Wrist shot by Derek Boogaard.
11:11 of 3rd period - Shot Misses the Net.
11:17 of 3rd period - Derek Boogaard is hit by Sergei Shirokov and loses puck.
11:32 of 3rd period - Slapshot by Sidney Crosby.
11:32 of 3rd period - Shot Hit the Post.
11:38 of 3rd period - Sidney Crosby is hit by Sergei Shirokov and loses puck.
11:43 of 3rd period - Wrist shot by Ryan O'Reilly.
11:43 of 3rd period - Stopped by Jonas Hiller with a rebound.
11:45 of 3rd period - Snap shot by Ryan O'Reilly.
11:45 of 3rd period - Stopped by Jonas Hiller with a rebound.
12:05 of 3rd period - Backhand shot by Filip Forsberg.
12:05 of 3rd period - Stopped by Jonas Hiller without a rebound.
12:06 of 3rd period - Nick Bjugstad wins face-off versus Nicklas Backstrom in Senateurs zone.
12:08 of 3rd period - Icing by Matt Martin.
12:09 of 3rd period - David Perron wins face-off versus Nick Bjugstad in Senateurs zone.
12:44 of 3rd period - Cody Ceci is hit by Cody Franson and loses puck.
13:43 of 3rd period - Dion Phaneuf is hit by Tyler Johnson and loses puck.
14:11 of 3rd period - Icing by Shayne Gostisbehere.
14:12 of 3rd period - Drew Shore wins face-off versus Maxim Lapierre in Blues zone.
14:26 of 3rd period - Marek Svatos is hit by Brandon Yip and loses puck.
14:37 of 3rd period - Slapshot by Nicklas Backstrom.
14:37 of 3rd period - Shot Blocked by Nate Prosser.
14:39 of 3rd period - Slapshot by Alex Pietrangelo.
14:39 of 3rd period - Stopped by Jonas Hiller without a rebound.
14:40 of 3rd period - Sidney Crosby wins face-off versus Nicklas Backstrom in Senateurs zone.
14:40 of 3rd period - Sidney Crosby is hit by Nicklas Backstrom.
14:48 of 3rd period - Wrist shot by Cody Franson.
14:48 of 3rd period - Stopped by Carey Price with a rebound.
14:50 of 3rd period - Slapshot by Cody Franson.
14:50 of 3rd period - Stopped by Carey Price without a rebound.
14:51 of 3rd period - Nicklas Backstrom wins face-off versus Sidney Crosby in Blues zone.
14:56 of 3rd period - Snap shot by Shayne Gostisbehere.
14:56 of 3rd period - Stopped by Jonas Hiller with a rebound.
15:30 of 3rd period - Wrist shot by Sidney Crosby.
15:30 of 3rd period - Shot Misses the Net.
15:58 of 3rd period - Ryan O'Reilly is hit by Reilly Smith and loses puck.
16:23 of 3rd period - Wrist shot by Ryan O'Reilly.
16:23 of 3rd period - Shot Misses the Net.
16:25 of 3rd period - Snap shot by Ryan O'Reilly.
16:25 of 3rd period - Shot Misses the Net.
16:33 of 3rd period - Slapshot by Alex Pietrangelo.
16:33 of 3rd period - Shot Misses the Net.
16:35 of 3rd period - Slapshot by Alex Pietrangelo.
16:35 of 3rd period - Shot Blocked by Derek Boogaard.
16:39 of 3rd period - Wrist shot by Filip Forsberg.
16:39 of 3rd period - Stopped by Jonas Hiller without a rebound.
16:40 of 3rd period - Nick Bjugstad wins face-off versus Drew Shore in Senateurs zone.
17:35 of 3rd period - Brandon Burlon is hit by Shayne Gostisbehere and loses puck.
18:58 of 3rd period - Wrist shot by Drew Shore.
18:58 of 3rd period - Stopped by Jonas Hiller with a rebound.
19:00 of 3rd period - Wrist shot by David Perron.
19:00 of 3rd period - Stopped by Jonas Hiller without a rebound.
19:01 of 3rd period - Mike Yeo call a timeout for Senateurs.
19:01 of 3rd period - Drew Shore wins face-off versus Maxim Lapierre in Senateurs zone.
19:08 of 3rd period - Snap shot by David Perron.
19:08 of 3rd period - Shot Blocked by Dion Phaneuf.
19:10 of 3rd period - Slapshot by Tyler Johnson.
19:10 of 3rd period - Stopped by Jonas Hiller with a rebound.
19:12 of 3rd period - Backhand shot by Brandon Yip.
19:12 of 3rd period - Shot Misses the Net.
19:14 of 3rd period - Wrist shot by Tyler Johnson.
19:14 of 3rd period - Shot Blocked by Sergei Kostitsyn.
19:16 of 3rd period - Backhand shot by David Perron.
19:16 of 3rd period - Stopped by Jonas Hiller with a rebound.
19:18 of 3rd period - Slapshot by Alex Pietrangelo.
19:18 of 3rd period - Stopped by Jonas Hiller without a rebound.
19:19 of 3rd period - Maxim Lapierre wins face-off versus Drew Shore in Senateurs zone.
19:24 of 3rd period - Senateurs, Jonas Hiller is pulled from the net.
19:30 of 3rd period - Cody Franson is hit by Alex Pietrangelo and loses puck.
Goals for this period are 1 for Senateurs vs 0 for Blues.
Shots for this period are 9 for Senateurs vs 13 for Blues.